 Dungeon Sprint DCSS version 0.18.1-48-g4cf74bf (webtiles) character file.

2501 tyranidshit the Fighter (level 9, 0/88 HPs)
             Began as a Demonspawn Abyssal Knight on Sept 10, 2016.
             Was the Champion of Lugonu.
             Slain by an elephant (9 damage)
             ... in the Dungeon (Sprint IX: "|||||||||||||||||||||||||||||").
             The game lasted 00:04:52 (389 turns).

tyranidshit the Fighter (Demonspawn Abyssal Knight)  Turns: 389, Time: 00:04:53

Health: 0/88       AC: 22    Str: 16    XL:     9   Next: 28%
Magic:  15/15      EV: 10    Int: 14    God:    Lugonu [******]
Gold:   0          SH:  0    Dex: 15    Spells: 0 memorised, 8 levels left

rFire  . . .     SeeInvis .     r - +1 broad axe (venom)
rCold  . . .     Gourm    .     o - +1 chain mail
rNeg   . . .     Faith    .     (no shield)
rPois  .         Spirit   .     m - +2 helmet
rElec  .         Dismiss  .     (no cloak)
rCorr  .         Reflect  .     (no gloves)
SustAt .         Harm     .     n - +2 pair of boots
MR     .....     NoTele   +     (no amulet)
Stlth  ..........               q - +2 ring of evasion
                                p - +3 ring of dexterity

@: not resistant to hostile enchantments, extremely unstealthy
A: hooves 2, slimy green scales 2
a: Bend Space, Banish, Corrupt, Brand Weapon With Distortion, Renounce Religion


You were in the Dungeon.
You worshipped Lugonu.
Lugonu was exalted by your worship.
You were not hungry.

You visited 1 branch

Inventory:

Hand Weapons
 a - a +1 hand axe
 r - a +1 broad axe of venom (weapon)
 v - a +6 blowgun
Missiles
 u - 19 stones (quivered)
Armour
 b - a +0 leather armour
 m - a +2 helmet (worn)
 n - a +2 pair of boots (worn)
 o - a +1 chain mail (worn)
Jewellery
 p - a +3 ring of dexterity (left hand)
 q - a +2 ring of evasion (right hand)
Wands
 l - a wand of acid (0/15)
Scrolls
 i - 3 scrolls of blinking
 j - 3 scrolls of remove curse
 k - 2 scrolls of amnesia
 w - a scroll of identify
 x - a scroll of recharging
 z - a scroll of fog
Potions
 d - 5 potions of curing
 e - 5 potions of heal wounds
 f - a potion of haste
 g - 4 potions of magic
 h - a potion of invisibility
 s - 3 potions of might
 t - a potion of brilliance
Comestibles
 c - a bread ration


   Skills:
 + Level 14.7 Fighting
 + Level 7.9 Axes
 + Level 10.4 Armour
 - Level 1.0 Dodging
 - Level 8.5 Invocations


You had 8 spell levels left.
You didn't know any spells.

Dungeon Overview and Level Annotations

Branches:
Dungeon (1/1)

Altars:
Cheibriados
Dithmenos
Elyvilon
Fedhas
Gozag
Kikubaaqudgha
Makhleb
Nemelex Xobeh
Okawaru
Pakellas
Qazlal
Ru
Sif Muna
Trog
Vehumet
Xom
Yredelemnul
Zin
The Shining One
Beogh
Jiyva
Lugonu


Innate Abilities, Weirdness & Mutations

You have hoof-like feet.
You are mostly covered in slimy green scales (AC +3).


Message History

* * * LOW HITPOINT WARNING * * *
The elephant misses you.
The elephant trunk-slaps you but does no damage.
You hit the elephant.
The elephant is heavily wounded.
The elephant barely misses you.
The elephant trunk-slaps you but does no damage.
The blink frog blinks!
Unknown command.
You hit the elephant.
The elephant is heavily wounded.
You closely miss the blink frog. The blink frog hits you!
* * * LOW HITPOINT WARNING * * *
The elephant barely misses you. x2
Unknown command.
You slash the elephant!
The elephant is almost dead.
Your chain mail prevents you from hitting the blink frog.
The blink frog closely misses you. The elephant tramples you!
You die...

▓▓▓▓▓▓▓▓▓▓▓▓▓▓▓▓▓▓▓▓▓▓▓▓▓▓▓▓▓▓▓▓▓
.†.....).....'___________________
▓▓▓▓▓▓▓▓▓▓▓▓▓▓▓▓▓▓▓▓▓▓▓▓▓▓▓▓▓▓▓▓▓
.................................
▓▓▓▓▓▓▓▓▓▓▓▓▓▓▓▓▓▓▓▓▓▓▓▓▓▓▓▓▓▓▓▓▓
....'..........F@YH†......
▓▓▓▓▓▓▓▓▓▓▓▓▓▓▓▓▓▓▓▓▓▓▓▓▓▓


You could see an elephant, a hippogriff and a blink frog.

Vanquished Creatures
  A hill giant (D)
  A manticore (D)
  2 basilisks (D)
  A hippogriff (D)
  2 porcupines (D)
  An orc warrior (D)
  2 giant frogs (D)
  A crimson imp (D)
  A hound (D)
  3 worker ants (D)
  A shadow imp (D)
  An adder skeleton (D)
  A giant gecko (D)
  2 orcs (D)
  A giant cockroach (D)
  A hobgoblin (D)
  A jackal (D)
  A ball python (D)
  A ball python zombie (D)
  A goblin (D)
26 creatures vanquished.

Vanquished Creatures (others)
  2 hydras (D)
2 creatures vanquished.

Grand Total: 28 creatures vanquished

Notes
Turn   | Place    | Note
--------------------------------------------------------------
     0 | D        | tyranidshit the Demonspawn Abyssal Knight began the quest for the Orb.
     0 | D        | Reached XP level 1. HP: 18/18 MP: 2/2
     6 | D        | Reached ** piety under Lugonu
     6 | D        | Reached skill level 1 in Dodging
    19 | D        | Reached skill level 4 in Fighting
    32 | D        | Noticed a crimson imp
    36 | D        | Reached *** piety under Lugonu
    36 | D        | Gained mutation: You are partially covered in slimy green scales (AC +2). [demonic ancestry]
    36 | D        | Reached XP level 2. HP: 9/25 MP: 3/3
    45 | D        | Reached **** piety under Lugonu
    47 | D        | Killed a crimson imp
    47 | D        | Reached skill level 5 in Fighting
    47 | D        | Reached XP level 3. HP: 20/34 MP: 4/4
    51 | D        | Found a glowing silver altar of Zin.
    51 | D        | Found a glowing golden altar of the Shining One.
    51 | D        | Found an ancient bone altar of Kikubaaqudgha.
    51 | D        | Found a basalt altar of Yredelemnul.
    51 | D        | Found a shimmering altar of Xom.
    51 | D        | Found a radiant altar of Vehumet.
    52 | D        | Found an iron altar of Okawaru.
    53 | D        | Found a burning altar of Makhleb.
    54 | D        | Found a deep blue altar of Sif Muna.
    55 | D        | Found a bloodstained altar of Trog.
    56 | D        | Found a sparkling altar of Nemelex Xobeh.
    57 | D        | Found a white marble altar of Elyvilon.
    58 | D        | Found a roughly hewn altar of Beogh.
    59 | D        | Found a viscous altar of Jiyva.
    60 | D        | Found a corrupted altar of Lugonu.
    61 | D        | Found a blossoming altar of Fedhas.
    62 | D        | Found a snail-covered altar of Cheibriados.
    63 | D        | Found a shadowy altar of Dithmenos.
    64 | D        | Found a stormy altar of Qazlal.
    65 | D        | Found an opulent altar of Gozag.
    66 | D        | Found a sacrificial altar of Ru.
    67 | D        | Found an oddly glowing altar of Pakellas.
   130 | D        | Noticed a giant frog
   130 | D        | Noticed a hill giant
   130 | D        | Noticed a giant frog
   132 | D        | Killed a giant frog
   132 | D        | Reached skill level 7 in Fighting
   132 | D        | Reached XP level 4. HP: 31/43 MP: 5/5
   133 | D        | Gained mutation: You have large cloven feet. [demonic ancestry]
   133 | D        | Reached XP level 5. HP: 36/49 MP: 6/6
   135 | D        | Killed a hill giant
   135 | D        | Reached ***** piety under Lugonu
   135 | D        | Reached skill level 11 in Fighting
   135 | D        | Reached skill level 10 in Armour
   135 | D        | Gained mutation: You are mostly covered in slimy green scales (AC +3). [demonic ancestry]
   135 | D        | Reached XP level 6. HP: 46/62 MP: 7/7
   135 | D        | Reached XP level 7. HP: 50/68 MP: 8/8
   153 | D        | Noticed a manticore
   153 | D        | Noticed a four-headed hydra
   161 | D        | Killed a manticore
   161 | D        | Reached skill level 12 in Fighting
   161 | D        | Reached skill level 5 in Axes
   161 | D        | Reached XP level 8. HP: 23/78 MP: 9/9
   162 | D        | Banished a four-headed hydra
   162 | D        | Reached skill level 13 in Fighting
   321 | D        | Noticed a six-headed hydra
   324 | D        | Reached ****** piety under Lugonu
   324 | D        | Banished a six-headed hydra
   324 | D        | Reached skill level 14 in Fighting
   324 | D        | Reached skill level 5 in Invocations
   328 | D        | Gained mutation: You have hoof-like feet. [demonic ancestry]
   328 | D        | Reached XP level 9. HP: 36/87 MP: 5/13
   329 | D        | Noticed an elephant
   389 | D        | Slain by an elephant

Skill      XL: |  1  2  3  4  5  6  7  8  9 |
---------------+----------------------------+-----
Armour         | 3 4 6 10 | 10.4
Dodging        | 1 |  1.0
Fighting       | 4 5 7 11 12 14 | 14.7
Axes           | 5 7 |  7.9
Invocations    | 6 8 |  8.5

Action                   |  1- 3 |  4- 6 |  7- 9 || total
-------------------------+-------+-------+-------++-------
Melee: Hand axe          |    27 |       |       ||    27
       Broad axe         |       |       |    52 ||    52
Invok: Banish            |       |       |     2 ||     2
Evoke: Wand              |     1 |     3 |     3 ||     7
  Use: Potion            |     1 |       |     2 ||     3
       Scroll            |       |       |     4 ||     4
Armor: Leather armour    |     5 |       |       ||     5
       Chain mail        |     2 |       |    68 ||    70
Dodge: Dodged            |    12 |       |    37 ||    49
